 Dungeon Crawl Stone Soup version 0.28.0-53-g5a82cb258f (webtiles) character file.

Game seed: 10632929703038375338

85 jiml777 the Magician (level 4, -4/25 HPs)
             Began as a Gargoyle Air Elementalist on June 15, 2022.
             Slain by Terence
             ... wielding a +0 mace of protection
              (6 damage)
             ... on level 2 of the Dungeon.
             The game lasted 00:11:07 (2014 turns).

jiml777 the Magician (Gargoyle Air Elementalist)    Turns: 2014, Time: 00:11:07

Health: -4/25      AC:  6    Str: 11    XL:     4   Next: 48%
Magic:  0/8        EV: 11    Int: 18    God:
Gold:   13         SH:  0    Dex: 10    Spells: 7/8 levels left

rFire   . . .      SeeInvis .   f - +1 dagger (speed)
rCold   . . .      Faith    .   (no shield)
rNeg    + . .      Spirit   .   b - +0 leather armour
rPois   ∞          Reflect  .   (no helmet)
rElec   +          Harm     .   (no cloak)
rCorr   .          Rampage  .   (no gloves)
Will    .....                   (no boots)
Stlth   ++........              (no amulet)
HPRegen 0.08/turn               (no ring)
MPRegen 0.11/turn               (no ring)

@: no status effects
A: sickness immunity, AC +3, negative energy resistance 1, electricity
resistance, torment resistance 1, petrification resistance
a: no special abilities


You were on level 2 of the Dungeon.
You visited 1 branch of the dungeon, and saw 2 of its levels.

You collected 13 gold pieces.

Inventory:

Hand Weapons
 c - a +0 short sword
 f - a +1 dagger of speed (weapon)
Missiles
 d - 15 stones
 h - 68 arrows
Armour
 a - a +0 robe
 b - a +0 leather armour (worn)
Jewellery
 i - an amulet of guardian spirit
Scrolls
 e - a scroll of teleportation {unknown}
 j - a scroll of fear {unknown}
Potions
 g - a potion of curing {unknown}


   Skills:
 + Level 1.0 Fighting
 + Level 1.0 Short Blades
 + Level 1.4 Armour
 + Level 2.0 Dodging
 + Level 2.5 Stealth
 + Level 0.1 Unarmed Combat
 + Level 2.7 Spellcasting
 + Level 1.3 Conjurations
 + Level 2.6 Air Magic


You had 7 spell levels left.
You knew the following spells:

 Your Spells              Type           Power      Damage    Failure   Level
a - Shock                 Conj/Air       36%        1d5       10%         1

Your spell library contained the following spells:

 Spells                   Type           Power      Damage    Failure   Level
 Static Discharge         Conj/Air       9%         N/A       14%         2
 Slow                     Hex            8%         N/A       22%         1
 Swiftness                Air            12%        N/A       22%         3
 Confusing Touch          Hex            2%         N/A       54%         3
 Vampiric Draining        Necr           2%         2d6       54%         3
 Airstrike                Air            6%         N/A       58%         4


Dungeon Overview and Level Annotations

Branches:
Dungeon (2/15)

Altars:

Annotations:
D:2 Terence


Innate Abilities, Weirdness & Mutations

You are immune to sickness and miasma.
Your stone body is resilient. (AC +3)
You are immune to poison.
You resist negative energy. (rN+)
You are resistant to electric shocks. (rElec)
You are resistant to unholy torment.
You are immune to petrification.


Message History

The gnoll is moderately wounded.
The zap misses the gnoll.
Terence hits you with a +0 mace of protection.
Casting: Shock (safe; 10% risk of failure)
Confirm with . or Enter, or press ? or * to list all spells.
You don't know that spell.
You hit Terence but do no damage.
Terence is severely wounded.
Terence barely misses you.
You hit Terence but do no damage.
Terence is severely wounded.
You hit Terence but do no damage.
Terence is severely wounded.
Terence hits you with a +0 mace of protection.
* * * LOW HITPOINT WARNING * * *
A dart slug comes into view.
Casting: Shock (safe; 10% risk of failure)
Confirm with . or Enter, or press ? or * to list all spells.
Aiming: Shock (safe; 10% risk of failure)
Press: ? - help, Shift-Dir - straight line The zap hits Terence but does no damage.
Terence is severely wounded.
The zap hits Terence but does no damage.
Terence is severely wounded.
The zap hits the gnoll.
The gnoll is almost dead.
Terence hits you with a +0 mace of protection.
* * * LOW HITPOINT WARNING * * *
Casting: Shock (safe; 10% risk of failure)
Confirm with . or Enter, or press ? or * to list all spells.
Aiming: Shock (safe; 10% risk of failure)
Press: ? - help, Shift-Dir - straight line The zap hits Terence.
Terence is almost dead.
The zap hits Terence.
Terence is almost dead.
The zap hits the gnoll.
You kill the gnoll!
Terence hits you with a +0 mace of protection.
You die...

...#.###...#...............
#.b....#....)#####.........
#.....#...####............
#....#..####............
####.#.....................
............###............
........##...........#.....
...................#)#.....
........##@.##.....#.......
........###@###...####.w..#
.....>..###g.#..####...#.##
...........#.#...##...##.#
................g.....# .#
......<.........#.....).>..
.....................##.#..
###.......................
###.##........#..........


You could see Terence and a gnoll.

Vanquished Creatures
  3 gnolls (D:2)
  An adder (D:2)
  A worm (D:2)
  An orc (D:2)
  3 bats (D:1)
  3 endoplasms (D:1)
  A giant cockroach (D:1)
  4 goblins (D:1)
  6 hobgoblins
  4 jackals
  5 quokkas
  6 ball pythons
  3 frilled lizards
  5 kobolds (D:1)
  2 rats
48 creatures vanquished.

Vanquished Creatures (others)
  A fungus (D:1)
  A plant (D:1)
2 creatures vanquished.

Grand Total: 50 creatures vanquished

Notes
Turn   | Place    | Note
-------+----------+-------------------------------------------
     0 | D:1      | jiml777 the Gargoyle Air Elementalist began the quest for
                  | the Orb.
     0 | D:1      | Reached XP level 1. HP: 10/10 MP: 3/3
   221 | D:1      | Reached XP level 2. HP: 15/15 MP: 1/5
   357 | D:1      | Found a faded altar of an unknown god.
   872 | D:1      | Reached XP level 3. HP: 13/20 MP: 1/6
  1067 | D:1      | Reached skill level 1 in Armour
  1503 | D:2      | Reached XP level 4. HP: 5/24 MP: 0/7
  1504 | D:2      | Reached skill level 1 in Short Blades
  1939 | D:2      | Noticed Terence
  1946 | D:2      | Reached skill level 1 in Fighting
  2013 | D:2      | HP: 1/25 [Terence/+0 mace of protection (3)]
  2014 | D:2      | Slain by Terence

Illustrated notes

Levels and vault maps discovered:
D:1:      psy_arrival_basics, layout_rooms,
          shapermc_ecumenical_altar_mp_urbaneastern, st_stairs_13
D:2:      minmay_diamond_boxcup, layout_rooms, uniq_terence

Skill      XL: |  1  2  3  4 |
---------------+-------------+-----
Dodging        | 2 |  2.0
Armour         | 1 |  1.4
Short Blades   | 1 |  1.0
Fighting       | 1 |  1.0
Stealth        | |  2.5
Unarmed Combat | |  0.1
Spellcasting   | |  2.7
Conjurations   | |  1.3
Air Magic      | |  2.6

Action                   |  1- 3 |  4- 6 || total
-------------------------+-------+-------++-------
Melee: Unarmed           |    19 |       ||    19
       Short sword       |    29 |       ||    29
       Dagger            |    36 |    18 ||    54
 Cast: Shock             |    38 |    18 ||    56
 Stab: Sleeping          |     2 |       ||     2
Armor: Leather armour    |    56 |     8 ||    64
       Robe              |     2 |       ||     2
Dodge: Dodged            |    71 |    10 ||    81
